 Dungeon Crawl Stone Soup version 0.28-a0-991-g956f0ee3d5 (webtiles) character file.

Game seed: 9266156572270991149

217 KennySheep the Grave Robber (level 5, 0/28 HPs)
             Began as a Deep Elf Necromancer on Dec 5, 2021.
             Killed by nerve-wracking pain
             ... invoked by Jessica
              (2 damage)
             ... on level 3 of the Dungeon.
             The game lasted 00:05:05 (3597 turns).

KennySheep the Grave Robber (Deep Elf Necromancer)  Turns: 3597, Time: 00:05:06

Health: 0/28       AC:  4    Str:  5    XL:     5   Next: 62%
Magic:  11/15      EV: 12    Int: 22    God:
Gold:   79         SH:  0    Dex: 21    Spells: 6/15 levels left

rFire   . . .      SeeInvis .   c - +0 dagger (holy)
rCold   + . .      Faith    .   (no shield)
rNeg    . . .      Spirit   .   i - +1 leather armour {rC+}
rPois   .          Reflect  .   (no helmet)
rElec   .          Harm     .   (no cloak)
rCorr   .          Rampage  .   (no gloves)
Will    .....                   (no boots)
Stlth   ++........              (no amulet)
HPRegen 0.09/turn               p - +6 ring of dexterity
MPRegen 0.14/turn               (no ring)

@: no status effects
A: no striking features
a: no special abilities


You were on level 3 of the Dungeon.
You visited 1 branch of the dungeon, and saw 3 of its levels.

You collected 79 gold pieces.

Inventory:

Hand Weapons
 c - a +0 dagger of holy wrath (weapon)
Armour
 a - a +0 robe
 i - a +1 leather armour of cold resistance (worn)
 n - +0 ice dragon scales
Jewellery
 p - a +6 ring of dexterity (left hand)
Wands
 j - a wand of iceblast (11)
 q - a wand of paralysis (8)
Scrolls
 b - a scroll of noise
 d - 2 scrolls of teleportation {unknown}
 f - a scroll of vulnerability {unknown}
 g - 2 scrolls of immolation
 h - a scroll of magic mapping {unknown}
 l - a scroll of amnesia {unknown}
 m - a scroll of enchant weapon {unknown}
 o - a scroll of holy word {unknown}
Potions
 k - a potion of magic {unknown}


   Skills:
 + Level 1.2 Armour
 - Level 2.4 Dodging
 - Level 2.4 Stealth
 + Level 5.7 Spellcasting
 + Level 6.6 Necromancy


You had 6 spell levels left.
You knew the following spells:

 Your Spells              Type           Power      Damage    Failure   Level
a - Pain                  Necr           100%       1d9       1%          1
b - Vampiric Draining     Necr           35%        2d8       3%          3
c - Animate Skeleton      Necr           70%        N/A       1%          1
d - Animate Dead          Necr           17%        N/A       10%         4

Your spell library contained the following spells:

 Spells                   Type           Power      Damage    Failure   Level
 Agony                    Necr           35%        N/A       28%         5


Dungeon Overview and Level Annotations

Branches:
Dungeon (3/15)

Altars:

Annotations:
D:3 Jessica


Message History

Aiming: Pain (safe; 1% risk of failure)
Press: ? - help, Shift-Dir - straight line, f - Jessica
Aim: Jessica, wielding a +0 club and wearing a +0 robe (fast, chance to affect: 89%) Jessica writhes in agony.
Jessica closely misses you.
Jessica gestures wildly while chanting.
Jessica blinks!
Things that are here:
a +0 flail; a +0 hand axe You swap places.
Things that are here:
a +0 vampiric spear; a gnoll corpse
Things that are here:
a +0 mace; a +0 ring mail; a +0 falchion Jessica hits your goblin zombie with a +0 club.
Your goblin zombie completely misses Jessica.
You see here a +0 whip.
Jessica points at you and mumbles some strange words.
Your goblin zombie resists with significant effort.
Jessica hits your goblin zombie with a +0 club.
Your goblin zombie hits Jessica with a +0 club.
Jessica hits your goblin zombie with a +0 club.
Your goblin zombie is destroyed!
You see here a +0 whip.
Casting: Pain (safe; 1% risk of failure)
Confirm with . or Enter, or press ? or * to list all spells.
Aiming: Pain (safe; 1% risk of failure)
Press: ? - help, Shift-Dir - straight line, f/p - Jessica
Aim: Jessica, wielding a +0 club and wearing a +0 robe (moderately wounded, fast, chance to affect: 89%) Jessica writhes in agony.
Unknown command.
Unknown command.
Casting: Pain (safe; 1% risk of failure)
Confirm with . or Enter, or press ? or * to list all spells.
Aiming: Pain (safe; 1% risk of failure)
Press: ? - help, Shift-Dir - straight line, f/p - Jessica
Aim: Jessica, wielding a +0 club and wearing a +0 robe (heavily wounded, fast, chance to affect: 89%) Jessica writhes in agony.
Jessica points at you and mumbles some strange words.
Pain shoots through your body!
You die...

........####.#.####..#..
........# #.#.........#
........# #.#####.....+
....###.# #.# #.....#
... #)# #.# #...... ..
#@# #.######...#. . #)#
#.#........#. #)#
#.#........'[ #@#
#.#........#. #.#
#.#........#. #....)#
###........ #.....#
#......#. .....)..#
#...^.... .........
#........ .........
#........ #........
#........ #.........
#........


You could see Jessica (fast).

Vanquished Creatures
  Natasha (thrice) (D:3)
  2 gnolls (D:3)
  3 adders
  3 dart slugs
  5 orcs (D:3)
  7 ball pythons
  14 endoplasms
  4 giant cockroaches
  4 goblins
  8 hobgoblins
  6 bats
  6 frilled lizards
  2 kobolds
  6 rats
73 creatures vanquished.

Vanquished Creatures (collateral kills)
  A gnoll (D:3)
  A dart slug (D:3)
2 creatures vanquished.

Grand Total: 75 creatures vanquished

Notes
Turn   | Place    | Note
-------+----------+-------------------------------------------
     0 | D:1      | KennySheep the Deep Elf Necromancer began the quest for the
                  | Orb.
     0 | D:1      | Reached XP level 1. HP: 10/10 MP: 6/6
    35 | D:1      | Reached skill level 5 in Necromancy
   352 | D:1      | Reached XP level 2. HP: 8/15 MP: 1/8
  1215 | D:1      | Reached XP level 3. HP: 17/19 MP: 7/10
  1706 | D:1      | Learned a level 3 spell: Vampiric Draining
  1708 | D:1      | Learned a level 1 spell: Animate Skeleton
  2208 | D:2      | Reached XP level 4. HP: 18/24 MP: 6/12
  2213 | D:2      | Learned a level 4 spell: Animate Dead
  2404 | D:2      | Reached skill level 6 in Necromancy
  2668 | D:3      | Noticed Natasha
  2676 | D:3      | Killed Natasha
  2677 | D:3      | Reached skill level 5 in Spellcasting
  2990 | D:3      | Noticed Natasha
  2998 | D:3      | Killed Natasha
  3057 | D:3      | Reached XP level 5. HP: 8/28 MP: 11/14
  3273 | D:3      | Noticed Natasha
  3280 | D:3      | Killed Natasha
  3514 | D:3      | Reached skill level 1 in Armour
  3558 | D:3      | Noticed Jessica
  3597 | D:3      | Killed from afar by Jessica

Illustrated notes

Levels and vault maps discovered:
D:1:      tarquinn_simple_flora_water_b, layout_basic, minmay_bisected
D:2:      layout_rooms
D:3:      layout_basic, uniq_natasha, uniq_jessica

Skill      XL: |  1  2  3  4  5 |
---------------+----------------+-----
Necromancy     | 5 6 |  6.6
Spellcasting   | 4 5 |  5.7
Armour         | 1 |  1.2
Dodging        | |  2.4
Stealth        | |  2.4

Action                   |  1- 3 |  4- 6 || total
-------------------------+-------+-------++-------
Melee: Dagger            |       |     3 ||     3
 Cast: Pain              |    77 |    63 ||   140
       Animate Dead      |       |     1 ||     1
  Use: Scroll            |     2 |       ||     2
       Potion            |       |     1 ||     1
Armor: Robe              |     2 |       ||     2
       Leather armour    |       |     3 ||     3
Dodge: Dodged            |     1 |     8 ||     9

Table legend: (Time is in decaauts)
 A = Elapsed time spent in this place.
 B = Non-inter-level travel time spent in this place.
 C = Inter-level travel time spent in this place.
 D = Time resting spent in this place.
 E = Time spent auto-exploring this place.
 F = Levels seen in this place.
 G = Mean time per level.
                   A        B        C        D        E       F      G
               +--------+--------+--------+--------+--------+-----+--------+
         Total |   3595 |   3567 |     28 |    729 |   2431 |   3 | 1198.3 |
       Dungeon |   3595 |   3567 |     28 |    729 |   2431 |   3 | 1198.3 |
               +--------+--------+--------+--------+--------+-----+--------+

Top non-repeatable levels by time:
     D:1: 1708 daAuts
     D:2: 945 daAuts
     D:3: 941 daAuts
